[ AOE2 MATCH · #507169402 ]
UnrankedTeutons vs Berbers
Player's team · WIN
Rival team · LOSS
[ REPLAY ANALYSIS · EXTRACTED FROM THE RECORDED GAME ]
Feudal
10:59
Castle
21:15
Imperial
33:22
| APM avg | 54.4 |
| APM peak | 117 |
| eAPM avg | 28.4 |
| Villagers / military | 153 / 150 |
Focus
⚔️ 43.0% · 🌾 57.0%
Spearman ×79 · Knight ×37 · Battering Ram ×14 · Scout Cavalry ×10 · Monk ×7 · Militia ×3
Feudal
8:56
Castle
21:24
Imperial
34:05
| APM avg | 74.8 |
| APM peak | 132 |
| eAPM avg | 33.6 |
| Villagers / military | 163 / 73 |
Focus
⚔️ 26.2% · 🌾 73.8%
Camel Scout ×35 · Cavalry Archer ×22 · Scout Cavalry ×6 · Monk ×5 · Spearman ×3 · Trebuchet (Packed) ×2
Match map
Initial resources + every placement click. Lines = walls · curves = elevation contours. ◆ gold · ⬟ stone · ● berries · ✦ relic · ◌ wall gap
Your base· ✓ Closed at 21:15 · 39t walls · 1 gate(s)
Swareee's base· ✓ Closed at 21:24 · 37t walls · 1 gate(s)
Smoothed initial terrain · ◌ = detected wall gap · hover for details
Inputs per minute
— JOJO ROAD ROLLER - - Swareee
Build order — JOJO ROAD ROLLER
First 150 of 492 actions detected
| 0:00 | Create | Villager (Male) ×4 |
| 0:01 | Build | House |
| 0:02 | Build | House |
| 1:30 | Create | Villager (Male) |
| 1:55 | Create | Villager (Male) |
| 2:24 | Create | Villager (Male) |
| 2:41 | Create | Villager (Male) |
| 3:04 | Build | Barracks |
| 3:15 | Create | Villager (Male) |
| 3:39 | Build | House |
| 3:43 | Create | Villager (Male) |
| 3:44 | Create | Villager (Male) |
| 4:07 | Research | Loom |
| 4:09 | Create | Militia |
| 4:14 | Create | Militia |
| 4:18 | Create | Villager (Male) |
| 4:27 | Build | House |
| 4:53 | Create | Militia |
| 4:58 | Create | Villager (Male) |
| 5:22 | Create | Villager (Male) |
| 5:24 | Create | Villager (Male) |
| 5:47 | Create | Villager (Male) |
| 6:27 | Build | Lumber Camp |
| 6:38 | Create | Villager (Male) |
| 7:06 | Create | Villager (Male) |
| 7:06 | Create | Villager (Male) |
| 7:13 | Build | House |
| 7:44 | Create | Villager (Male) |
| 7:53 | Build | House |
| 8:22 | Create | Villager (Male) |
| 8:37 | Build | Mill |
| 8:49 | Research | Feudal Age |
| 9:32 | Build | Lumber Camp |
| 10:22 | Create | Villager (Male) |
| 10:44 | Build | House |
| 10:59 | Age | Feudal Age |
| 11:02 | Build | Stable |
| 11:07 | Build | House |
| 11:07 | Create | Spearman |
| 11:08 | Research | Double-Bit Axe |
| 11:28 | Create | Villager (Male) |
| 11:32 | Build | Farm |
| 11:34 | Build | Farm |
| 11:35 | Build | Farm |
| 11:38 | Build | Farm |
| 11:42 | Build | Palisade Wall |
| 11:44 | Create | Villager (Male) |
| 11:49 | Build | Palisade Wall |
| 11:55 | Create | Scout Cavalry |
| 11:55 | Create | Scout Cavalry |
| 11:56 | Create | Villager (Male) |
| 12:06 | Build | Farm |
| 12:09 | Build | Farm |
| 12:18 | Research | Horse Collar |
| 12:21 | Create | Villager (Male) |
| 12:32 | Build | House |
| 12:36 | Build | House |
| 12:37 | Build | House |
| 12:38 | Build | Palisade Wall |
| 12:41 | Create | Villager (Male) |
| 12:44 | Build | Palisade Wall |
| 12:48 | Build | Palisade Wall |
| 12:51 | Build | Farm |
| 12:53 | Create | Scout Cavalry |
| 13:02 | Build | Palisade Wall |
| 13:07 | Build | Farm |
| 13:17 | Build | Farm |
| 13:18 | Build | Farm |
| 13:22 | Create | Scout Cavalry |
| 13:24 | Create | Villager (Male) |
| 13:36 | Build | Farm |
| 13:44 | Create | Scout Cavalry |
| 13:49 | Build | Farm |
| 13:49 | Build | Farm |
| 13:57 | Create | Villager (Male) |
| 14:05 | Build | Farm |
| 14:17 | Build | Mining Camp |
| 14:19 | Create | Villager (Male) |
| 14:21 | Create | Villager (Male) |
| 14:37 | Create | Scout Cavalry |
| 15:02 | Create | Scout Cavalry |
| 15:04 | Create | Villager (Male) |
| 15:10 | Build | Blacksmith |
| 15:19 | Create | Scout Cavalry |
| 15:35 | Create | Villager (Male) |
| 15:48 | Create | Villager (Male) |
| 15:49 | Create | Scout Cavalry |
| 15:56 | Build | Palisade Gate |
| 15:57 | Create | Villager (Male) |
| 15:58 | Build | House |
| 15:59 | Build | House |
| 16:12 | Research | Wheelbarrow |
| 17:12 | Create | Villager (Male) |
| 17:42 | Build | Farm |
| 17:42 | Build | Farm |
| 17:43 | Build | Farm |
| 17:44 | Build | Farm |
| 17:44 | Build | Farm |
| 18:10 | Create | Villager (Male) |
| 18:30 | Research | Castle Age |
| 19:08 | Create | Scout Cavalry |
| 19:41 | Build | Mining Camp |
| 19:55 | Research | Bloodlines |
| 21:08 | Create | Villager (Male) |
| 21:15 | Age | Castle Age |
| 21:16 | Build | Palisade Gate |
| 21:21 | Create | Villager (Male) |
| 21:23 | Build | Monastery |
| 21:24 | Create | Villager (Male) |
| 21:28 | Create | Villager (Male) |
| 21:37 | Create | Villager (Male) |
| 21:40 | Build | Town Center |
| 21:43 | Build | Town Center |
| 21:46 | Create | Villager (Male) |
| 21:53 | Create | Villager (Male) |
| 21:55 | Research | Bow Saw |
| 21:57 | Research | Heavy Plow |
| 21:58 | Research | Hand Cart |
| 22:02 | Create | Villager (Male) |
| 22:07 | Create | Monk |
| 22:11 | Build | House |
| 22:12 | Build | House |
| 22:12 | Build | House |
| 22:15 | Create | Villager (Male) |
| 22:18 | Research | Gold Mining |
| 22:28 | Create | Spearman |
| 22:33 | Create | Spearman |
| 22:36 | Create | Villager (Male) |
| 22:48 | Create | Monk |
| 22:56 | Create | Villager (Male) |
| 22:57 | Create | Spearman |
| 22:57 | Create | Spearman |
| 22:57 | Create | Spearman |
| 22:59 | Build | Farm |
| 22:59 | Build | Farm |
| 23:00 | Build | Farm |
| 23:00 | Build | Farm |
| 23:00 | Build | Farm |
| 23:00 | Build | Farm |
| 23:00 | Build | Farm |
| 23:03 | Create | Villager (Male) |
| 23:07 | Create | Villager (Male) |
| 23:07 | Create | Villager (Male) |
| 23:09 | Create | Monk |
| 23:15 | Create | Villager (Male) |
| 23:20 | Create | Villager (Male) |
| 23:27 | Build | Farm |
| 23:28 | Build | Farm |
| 23:29 | Build | Farm |
| 23:30 | Create | Villager (Male) |
Build order — Swareee
First 150 of 418 actions detected
| 0:00 | Create | Villager (Male) |
| 0:01 | Create | Villager (Male) |
| 0:01 | Build | House |
| 0:02 | Build | House |
| 0:21 | Create | Villager (Male) |
| 0:38 | Create | Villager (Male) |
| 1:22 | Create | Villager (Male) |
| 1:52 | Create | Villager (Male) |
| 2:23 | Build | Lumber Camp |
| 2:25 | Create | Villager (Male) |
| 2:30 | Create | Villager (Male) |
| 2:34 | Build | House |
| 3:09 | Create | Villager (Male) |
| 3:24 | Create | Villager (Male) |
| 3:52 | Create | Villager (Male) |
| 3:57 | Create | Villager (Male) |
| 4:51 | Create | Villager (Male) |
| 4:57 | Build | Palisade Wall |
| 4:59 | Build | Palisade Wall |
| 5:17 | Research | Loom |
| 5:18 | Create | Villager (Male) |
| 5:31 | Create | Villager (Male) |
| 5:33 | Build | Mill |
| 5:55 | Research | Loom |
| 6:46 | Research | Feudal Age |
| 7:19 | Create | Villager (Male) |
| 8:02 | Create | Villager (Male) |
| 8:07 | Create | Villager (Male) |
| 8:24 | Create | Villager (Male) |
| 8:37 | Build | Barracks |
| 8:43 | Build | House |
| 8:44 | Build | House |
| 8:56 | Age | Feudal Age |
| 9:01 | Build | Farm |
| 9:06 | Research | Double-Bit Axe |
| 9:10 | Build | Palisade Wall |
| 9:47 | Build | Stable |
| 9:51 | Create | Villager (Male) |
| 9:52 | Create | Villager (Male) |
| 9:52 | Create | Villager (Male) |
| 9:55 | Build | Farm |
| 10:39 | Create | Scout Cavalry |
| 10:39 | Create | Scout Cavalry |
| 10:41 | Create | Scout Cavalry |
| 10:45 | Build | Farm |
| 10:58 | Build | Farm |
| 11:01 | Create | Villager (Male) |
| 11:16 | Create | Villager (Male) |
| 11:27 | Build | Farm |
| 11:29 | Build | Farm |
| 11:31 | Build | Farm |
| 11:32 | Create | Villager (Male) |
| 11:47 | Build | House |
| 11:51 | Build | House |
| 11:56 | Create | Scout Cavalry |
| 12:08 | Build | Mill |
| 12:16 | Build | House |
| 12:23 | Create | Villager (Male) |
| 12:25 | Create | Villager (Male) |
| 12:40 | Create | Villager (Male) |
| 12:42 | Build | House |
| 12:45 | Build | Palisade Wall |
| 12:58 | Build | Farm |
| 13:00 | Create | Scout Cavalry |
| 13:04 | Build | Palisade Wall |
| 13:29 | Create | Villager (Male) |
| 13:36 | Build | Lumber Camp |
| 13:42 | Build | Farm |
| 13:46 | Create | Scout Cavalry |
| 13:53 | Build | House |
| 13:58 | Build | Palisade Wall |
| 14:00 | Build | Palisade Gate |
| 14:07 | Build | Palisade Wall |
| 14:11 | Create | Villager (Male) |
| 14:12 | Create | Villager (Male) |
| 14:12 | Create | Villager (Male) |
| 14:44 | Create | Villager (Male) |
| 14:49 | Build | Blacksmith |
| 15:03 | Build | Farm |
| 15:09 | Create | Villager (Male) |
| 15:22 | Build | Farm |
| 15:22 | Build | Farm |
| 15:27 | Build | Farm |
| 15:31 | Build | Farm |
| 15:35 | Build | Mining Camp |
| 15:37 | Create | Villager (Male) |
| 15:54 | Create | Villager (Male) |
| 15:58 | Create | Spearman |
| 15:58 | Create | Spearman |
| 16:22 | Build | Farm |
| 17:05 | Create | Villager (Male) |
| 17:34 | Create | Villager (Male) |
| 17:42 | Build | Farm |
| 18:00 | Create | Villager (Male) |
| 18:02 | Create | Spearman |
| 18:44 | Research | Castle Age |
| 18:51 | Build | Stable |
| 19:01 | Build | Farm |
| 19:02 | Build | Farm |
| 19:03 | Build | Farm |
| 19:31 | Research | Horse Collar |
| 19:32 | Research | Gold Mining |
| 19:32 | Research | Gold Mining |
| 20:34 | Create | Villager (Male) |
| 20:35 | Research | Bloodlines |
| 20:37 | Research | Scale Barding Armor |
| 21:08 | Research | Forging |
| 21:24 | Age | Castle Age |
| 21:26 | Create | Camel Scout |
| 21:27 | Create | Camel Scout |
| 21:28 | Create | Villager (Male) |
| 21:32 | Build | House |
| 21:35 | Build | House |
| 21:53 | Create | Villager (Male) |
| 21:56 | Build | Monastery |
| 22:23 | Create | Camel Scout |
| 22:23 | Create | Camel Scout |
| 22:24 | Create | Villager (Male) |
| 22:32 | Build | Town Center |
| 22:37 | Build | House |
| 22:38 | Create | Villager (Male) |
| 22:45 | Build | Town Center |
| 22:51 | Research | Husbandry |
| 22:52 | Create | Villager (Male) |
| 23:01 | Build | Farm |
| 23:05 | Build | Farm |
| 23:07 | Build | Farm |
| 23:13 | Create | Villager (Male) |
| 23:13 | Create | Monk |
| 23:14 | Create | Monk |
| 23:14 | Create | Monk |
| 23:34 | Create | Villager (Male) |
| 23:37 | Research | Bow Saw |
| 23:37 | Research | Bow Saw |
| 24:01 | Create | Villager (Male) |
| 24:02 | Create | Villager (Male) |
| 24:02 | Create | Villager (Male) |
| 24:05 | Build | Farm |
| 24:05 | Build | Farm |
| 24:05 | Build | Farm |
| 24:08 | Build | Farm |
| 24:09 | Create | Villager (Male) |
| 24:10 | Create | Villager (Male) |
| 24:22 | Create | Camel Scout |
| 24:22 | Create | Camel Scout |
| 24:37 | Create | Villager (Male) |
| 24:45 | Create | Villager (Male) |
| 24:46 | Create | Villager (Male) |
| 25:01 | Create | Camel Scout |
| 25:01 | Create | Camel Scout |
Match timeline
| 3:04 | JOJO ROAD ROLLER · first_building Barracks |
| 4:57 | Swareee · wall_segment Palisade Wall x1 |
| 4:59 | Swareee · wall_segment Palisade Wall x1 |
| 8:37 | Swareee · first_building Barracks |
| 8:56 | Swareee · age_up feudal |
| 9:10 | Swareee · wall_segment Palisade Wall x1 |
| 9:47 | Swareee · first_building Stable |
| 10:59 | JOJO ROAD ROLLER · age_up feudal |
| 11:02 | JOJO ROAD ROLLER · first_building Stable |
| 11:42 | JOJO ROAD ROLLER · wall_segment Palisade Wall x9 |
| 11:49 | JOJO ROAD ROLLER · wall_segment Palisade Wall x9 |
| 12:38 | JOJO ROAD ROLLER · wall_segment Palisade Wall x1 |
| 12:44 | JOJO ROAD ROLLER · wall_segment Palisade Wall x9 |
| 12:45 | Swareee · wall_segment Palisade Wall x7 |
| 12:48 | JOJO ROAD ROLLER · wall_segment Palisade Wall x10 |
| 13:02 | JOJO ROAD ROLLER · wall_segment Palisade Wall x1 |
| 13:04 | Swareee · wall_segment Palisade Wall x11 |
| 13:58 | Swareee · wall_segment Palisade Wall x10 |
| 14:07 | Swareee · wall_segment Palisade Wall x6 |
| 21:15 | JOJO ROAD ROLLER · age_up castle |
| 21:23 | JOJO ROAD ROLLER · first_building Monastery |
| 21:24 | Swareee · age_up castle |
| 21:56 | Swareee · first_building Monastery |
| 26:41 | Swareee · first_building Archery Range |
| 29:33 | JOJO ROAD ROLLER · first_building Castle |
| 30:04 | JOJO ROAD ROLLER · first_building Archery Range |
| 33:03 | JOJO ROAD ROLLER · first_building Siege Workshop |
| 33:22 | JOJO ROAD ROLLER · age_up imperial |
| 33:50 | Swareee · first_building Castle |
| 34:05 | Swareee · age_up imperial |
| 34:18 | JOJO ROAD ROLLER · first_market_sell 500 wood |
| 35:25 | Swareee · first_market_sell 100 wood |
| 39:15 | Swareee · first_building Siege Workshop |
| 40:55 | Swareee · resign |
[ AI ANALYSIS · 1 CREDIT ]
What really happened in this match?
Wolo.gg analyzes every decision: build order, eco, micro, common mistakes by bracket. Personalized analysis on WhatsApp or Discord in 30 seconds.
Civ guide
Teutons
Perfil
JOJO ROAD ROLLER